 Dungeon Crawl Stone Soup version 0.22-a0-79-g605b837 (webtiles) character file.

34 asshole the Charmwright (level 3, -8/29 HPs)
             Began as a Barachi Skald on Jan 17, 2018.
             Mangled by a black bear (9 damage)
             ... on level 2 of the Dungeon.
             The game lasted 00:03:15 (1258 turns).

asshole the Charmwright (Barachi Skald)             Turns: 1258, Time: 00:03:16

Health: -8/29      AC:  4    Str: 12    XL:     3   Next: 31%
Magic:  1/6        EV: 12    Int: 19    God:
Gold:   69         SH:  0    Dex: 11    Spells: 5/6 levels left

rFire    . . .     SeeInvis .   a - +0 hand axe
rCold    . . .     Gourm    .   (no shield)
rNeg     . . .     Faith    .   b - +0 leather armour
rPois    .         Spirit   .   (no helmet)
rElec    .         Reflect  .   (no cloak)
rCorr    .         Harm     .   h - +0 pair of gloves
MR       .....                  (no boots)
Stlth    +.........             (no amulet)
HPRegen  0.09/turn              (no ring)
MPRegen  0.10/turn              (no ring)

@: brilliant, infused, can't hop, slow
A: +LOS, swims, slowness 1, strong legs 1
a: Hop


You were on level 2 of the Dungeon.
You were hungry.

You visited 1 branch of the dungeon, and saw 2 of its levels.

You collected 69 gold pieces.

Inventory:

Hand Weapons
 a - a +0 hand axe (weapon)
Armour
 b - a +0 leather armour (worn)
 h - a +0 pair of gloves (worn)
Scrolls
 e - a scroll of identify {unknown}
 f - a scroll of amnesia {unknown}
 i - a scroll of remove curse {unknown}
Potions
 g - a potion of curing {unknown}
 j - a potion of brilliance
Books
 c - a book of Battle

   Spells                             Type                      Level
   a - Infusion                       Charms                       1
   b - Shroud of Golubria             Charms/Translocation         2
   c - Song of Slaying                Charms                       2
   d - Spectral Weapon                Hexes/Charms                 3
   e - Regeneration                   Charms/Necromancy            3
Comestibles
 d - a ration


   Skills:
 + Level 3.0 Fighting
 + Level 2.7 Axes
 + Level 2.1 Armour
 + Level 2.7 Dodging
 - Level 2.1 Spellcasting
 - Level 3.2 Charms


You had 5 spell levels left.
You knew the following spells:

 Your Spells              Type           Power        Failure   Level  Hunger
a - Infusion              Chrm           ####         1%          1    #......


Dungeon Overview and Level Annotations

Branches:
Dungeon (2/15)

Altars:


Innate Abilities, Weirdness & Mutations

Shadows flee at your approach. (+LOS)
You can swim through water.
You cover ground slowly.
You can hop short distances.


Message History

Hop to where?
Press: ? - help, Dir - move target cursor Boing!
Firing (i - inventory): No suitable missiles.
Press: ? - help, Shift-Dir - straight line, f - black bear
Aim: a black bear (almost dead, berserk, fast, unusually strong)
Okay, then.
Firing (i - inventory): No suitable missiles.
Press: ? - help, Shift-Dir - straight line, f/p - black bear
Aim: a black bear (almost dead, berserk, fast, unusually strong)
Okay, then.
It was a potion of brilliance.
You feel clever all of a sudden. The black bear closely misses you. x2
The black bear claws you but does no damage.
You barely miss the black bear.
The black bear is almost dead.
The black bear closely misses you. The black bear barely misses you. x2
The black bear bites you!
You die...

#...............##.........#
#...............#..##.######
#.................###.#
##...............## #.#
##.....#......### #.#
......######.# #.# .......#
#.# #.# ......#.# ##.# #.#
....#.# ##h@# ###.#
.......###§.## #.(.#
..........### #†###
..##.......# #.# ...
##..###.####.# ...# #...#
#......### ..... #.#.#
######...# ....#####.#.#
#.#.######
#..........########>.......#


You could see a black bear (berserk).

Vanquished Creatures
  2 dart slugs
  A leopard gecko (D:1)
  11 bats
  2 giant cockroaches (D:1)
  2 hobgoblins (D:1)
  2 kobolds (D:1)
  4 frilled lizards (D:1)
  2 goblins (D:1)
  3 rats
29 creatures vanquished.

Notes
Turn   | Place    | Note
-------+----------+-------------------------------------------
     0 | D:1      | asshole the Barachi Skald began the quest for the Orb.
     0 | D:1      | Reached XP level 1. HP: 17/17 MP: 3/3
   106 | D:1      | Reached XP level 2. HP: 20/23 MP: 5/5
   510 | D:1      | Reached XP level 3. HP: 13/28 MP: 1/6
  1243 | D:2      | Noticed a black bear
  1255 | D:2      | HP: 1/29 [black bear (4)]
  1258 | D:2      | Mangled by a black bear

Vault maps used:
D:1:      dpeg_arrival_chase
D:2:      lemuel_coloured_pillars_altar, overflow_temple_1_default,
          elyvilon_altar_1

Skill      XL: |  1  2  3 |
---------------+----------+-----
Armour         | 2 |  2.1
Fighting       | 3 |  3.0
Axes           | |  2.7
Dodging        | |  2.7
Spellcasting   | |  2.1
Charms         | |  3.2

Action                   || total
-------------------------++-------
Melee: Hand axe          ||   102
 Cast: Infusion          ||     5
 Abil: Hop               ||     1
  Use: Potion            ||     1
  Eat: Chunk             ||     1
Armor: Leather armour    ||    35
Dodge: Dodged            ||   114

Table legend:
 A = Spawn XP
 B = Non-spawn XP
 C = Spawn XP percentage of total XP
 D = Spawn monster count
 E = Non-spawn monster count
 F = Spawn count percentage of total count
 G = Total turns spent on level
                    A         B        C        D         E        F      G
               +---------+---------+-------+---------+---------+-------+---------
         Total |       0 |      49 |   0.0 |       0 |      29 |   0.0 |  1258
               +---------+---------+-------+---------+---------+-------+---------
           D:1 |       0 |      43 |   0.0 |       0 |      26 |   0.0 |  1150
           D:2 |       0 |       6 |   0.0 |       0 |       3 |   0.0 |   108
               +---------+---------+-------+---------+---------+-------+---------
